 Dungeon Crawl Stone Soup version 0.17-a0-1373-g64d4c99 (webtiles) character file.

544 bal the Ducker (level 7, -3/62 HPs)
             Began as a Troll Transmuter on June 13, 2015.
             Slain by an ogre
             ... wielding a +0 giant club
              (20 damage)
             ... on level 5 of the Dungeon.
             The game lasted 00:19:50 (4737 turns).

bal the Ducker (Troll Transmuter)                   Turns: 4737, Time: 00:19:50

Health: -3/62      AC: 13    Str: 20    XL:     7   Next: 6%
Magic:  4/9        EV: 11    Int:  8    God:
Gold:   315        SH:  0    Dex: 10    Spells: 4 memorised, 2 levels left

rFire  . . .     SeeInvis .     a - +3 dagger (protect)
rCold  + . .     Clarity  .     C - +1 robe
rNeg   . . .     SustAt   .     (no shield)
rPois  .         Gourm    +     (helmet restricted)
rElec  .         Spirit   .     (no cloak)
rCorr  .         Warding  .     (gloves unavailable)
rMut   .         Stasis   .     (boots unavailable)
MR     .....                    (no amulet)
Stlth  +.........               (no ring)
                                (no ring)

@: very slightly contaminated, not resistant to hostile enchantments, very
unstealthy
A: unfitting armour, claws 3, dopey 1, fast metabolism 3, gourmand, regeneration
2, shaggy fur 3, tough skin 2
a: no special abilities


You were on level 5 of the Dungeon.
You were full.

You visited 1 branch of the dungeon, and saw 5 of its levels.

You collected 315 gold pieces.

Inventory:

Hand weapons
 a - a +3 dagger of protection (weapon)
 b - a +3 hunting sling of flaming
 o - a +3 whip
 r - a +0 club
Missiles
 e - 57 arrows
 q - 15 arrows of flame
 D - 2 tomahawks of returning (quivered)
Armour
 C - a +1 robe (worn)
Jewellery
 t - a cursed ring of teleportation {unknown}
Magical devices
 y - a wand of disintegration (13)
Scrolls
 h - 2 scrolls of recharging
 j - a scroll of teleportation
 k - a scroll of enchant weapon
 l - a scroll of amnesia
 m - 3 scrolls of remove curse
 s - a scroll of fear
Potions
 f - 2 potions of brilliance
 n - a potion of degeneration {unknown}
Books
 c - a book of Changes

   Spells                             Type                      Level
   a - Beastly Appendage              Transmutation                1
   b - Sticks to Snakes               Transmutation                2
   c - Spider Form                    Transmutation/Poison         3
   d - Ice Form                       Ice/Transmutation            4
   e - Blade Hands                    Transmutation                5
 B - a book of Burglary

   Spells                             Type                      Level
   a - Swiftness                      Charms/Air                   2
   b - Passwall                       Transmutation/Earth          3
   c - Passage of Golubria            Translocation                4
   d - Lee's Rapid Deconstruction     Earth                        5
   e - Invisibility                   Hexes                        6
   f - Darkness                       Hexes                        7
Comestibles
 d - a bread ration
 g - 2 meat rations
 i - 9 chunks of flesh


   Skills:
 + Level 1.6 Fighting
 + Level 1.4 Short Blades
 + Level 0.5 Throwing
 + Level 4.0 Dodging
 + Level 0.5 Stealth
 + Level 3.2 Unarmed Combat
 + Level 2.4 Spellcasting
 + Level 2.6 Transmutations


You had 2 spell levels left.
You knew the following spells:

 Your Spells              Type           Power        Failure   Level  Hunger
a - Beastly Appendage     Trmt           #.....       14%         1    ##.....
b - Sticks to Snakes      Trmt           #.........   21%         2    ###....
c - Swiftness             Chrm/Air       #.......     56%         2    ###....
d - Spider Form           Trmt/Pois      #.........   73%         3    ####...


Dungeon Overview and Level Annotations

Branches:
Dungeon (5/15)
 Temple: D:4-7

Altars:
Nemelex Xobeh
Zin


Innate Abilities, Weirdness & Mutations

You are too large for most types of armour.
You have claws for hands.
Your metabolism is lightning-fast.
You like to eat raw meat.
You heal very quickly.
Your thick and shaggy fur keeps you warm (AC +3, rC+).
You have very tough skin (AC +2).
You are dopey. (Int -2)


Message History

r - Retreat! s - Stop attacking. w - Wait here. f - Follow me.
Anything else - Stay silent.
Gang up on whom?
Press: ? - help, Dir - move target cursor, f - ogre
Aim: an ogre, wielding a giant club (lightly wounded) Attack!
Your ball python closely misses the ogre.
The ogre hits you with a giant club!!
* * * LOW HITPOINT WARNING * * *
Your ball python bites the ogre but does no damage.
Your ball python bites the ogre.
Your ball python closely misses the ogre.
There is an open door here.
Your ball python bites the ogre. x2
Your ball python barely misses the ogre.
You hit the ogre.
The ogre is moderately wounded.
Your ball python bites the ogre.
The ogre hits you with a giant club!!
You die...

.....# .....# ##+##....#
# ###...'....##### +.
.....#........# #..
#...#........#
#...##...#........#
+....'..SSO@......#
#...##...#........####
#.. #...#........#..#
.'. #...#........#..#.
.+ ..#
#...#........'..#...# .
#...'........#..+...#+#
###'#........#'##......
.<.......#+##..........
..........#..'..........


You could see an ogre and 2 friendly ball pythons.

Vanquished Creatures
  An ogre (D:4)
  A scorpion (D:4)
  A hound (D:5)
  3 orc wizards
  A centaur skeleton (D:5)
  Natasha (twice) (D:3)
  5 adders
  A shadow imp (D:5)
  2 oozes
  A worm (D:2)
  3 giant geckos
  13 orcs
  13 goblins
  5 hobgoblins
  4 jackals (D:4)
  8 kobolds
  A ball python (D:1)
  14 bats
  3 giant cockroaches
  3 giant newts
  3 quokkas
  A quokka skeleton (D:4)
  17 rats
106 creatures vanquished.

Vanquished Creatures (collateral kills)
  A crimson imp (D:5)
  An orc priest (D:5)
  An orc wizard (D:5)
  An adder (D:4)
  A worm (D:3)
  A giant gecko (D:2)
  8 orcs
  Natasha (D:3)
  A bat (D:3)
  3 kobolds
  A giant newt (D:4)
20 creatures vanquished.

Grand Total: 126 creatures vanquished

Notes
Turn   | Place    | Note
--------------------------------------------------------------
     0 | D:1      | bal the Troll Transmuter began the quest for the Orb.
     0 | D:1      | Reached XP level 1. HP: 18/18 MP: 1/1
   175 | D:1      | Reached XP level 2. HP: 26/26 MP: 2/2
   731 | D:1      | Learned a level 2 spell: Sticks to Snakes
   869 | D:2      | Found a sparkling altar of Nemelex Xobeh.
   958 | D:2      | Reached XP level 3. HP: 30/32 MP: 1/4
  1088 | D:2      | Reached skill level 1 in Fighting
  1670 | D:3      | Noticed Natasha
  1713 | D:3      | Killed Natasha
  1713 | D:3      | Reached XP level 4. HP: 24/41 MP: 5/5
  1849 | D:3      | Noticed Natasha
  1858 | D:3      | Killed Natasha
  1898 | D:3      | Learned a level 2 spell: Swiftness
  2048 | D:3      | Noticed Natasha
  2057 | D:3      | Killed Natasha
  2551 | D:3      | Gained mutation: You are covered in thick fur (AC +2). [potion of mutation]
  2551 | D:3      | Gained mutation: You are dopey. (Int -2) [potion of mutation]
  2551 | D:3      | Gained mutation: Your thick and shaggy fur keeps you warm (AC +3, rC+). [potion of mutation]
  2801 | D:4      | Noticed an ogre
  2813 | D:4      | HP: 2/41 [ogre/giant club (11)]
  2816 | D:4      | Killed an ogre
  2816 | D:4      | Reached XP level 5. HP: 3/48 MP: 2/6
  3067 | D:4      | Reached XP level 6. HP: 55/55 MP: 5/8
  3522 | D:4      | Found a glowing silver altar of Zin.
  3548 | D:4      | Noticed an angel
  3806 | D:4      | Reached skill level 1 in Short Blades
  3821 | D:4      | Learned a level 3 spell: Spider Form
  3936 | D:5      | Entered Level 5 of the Dungeon
  4586 | D:5      | Reached XP level 7. HP: 62/62 MP: 9/9
  4662 | D:5      | Reached skill level 4 in Dodging
  4737 | D:5      | Slain by an ogre

Vault maps used:
D:1:      arrival_zaba_pyramid, patterned_corridor
D:2:      nemelex_xobeh_ov_fountains_minmay, first_bread,
          grunt_decor_mini_mirrors
D:3:      uniq_natasha
D:4:      wad_crossroads, zin_angel, grunt_ministairs_7, abandoned_shop
D:5:      enter_ossuary_2, serial_shops, nicolae_shop_statue_plus

Action                   |  1- 3 |  4- 6 |  7- 9 || total
-------------------------+-------+-------+-------++-------
Melee: Dagger            |   156 |   292 |    37 ||   485
       Unarmed           |     7 |       |       ||     7
       Hunting sling     |       |    22 |       ||    22
Throw: Tomahawk          |       |     5 |       ||     5
 Cast: Beastly Appendage |     8 |    16 |       ||    24
       Sticks to Snakes  |     9 |    26 |     4 ||    39
       Swiftness         |       |     1 |       ||     1
Evoke: Wand              |       |     3 |       ||     3
  Use: Scroll            |       |    12 |       ||    12
       Potion            |       |    10 |       ||    10
 Stab: Invisible         |       |     1 |       ||     1
  Eat: Chunk             |    11 |    22 |       ||    33
       Bread ration      |     1 |     2 |       ||     3
       Beef jerky        |     1 |       |       ||     1
       Meat ration       |       |     1 |       ||     1
